 Dungeon Crawl Stone Soup version 0.31-a0-988-g08d55dae12 (webtiles) character file.

Game seed: 7185124857491215674

346 BinkBink the Trooper (level 6, -18/57 HPs)
             Began as a Minotaur Monk on Nov 5, 2023.
             Demolished by an ogre
             ... wielding a +0 giant club
              (22 damage)
             ... on level 5 of the Dungeon.
             The game lasted 00:02:33 (2865 turns).

BinkBink the Trooper (Minotaur Monk)                Turns: 2865, Time: 00:02:33

Health: -18/57     AC:  5    Str: 18    XL:     6   Next: 32%
Magic:  5/5        EV: 13    Int: 14    God:
Gold:   261        SH:  0    Dex: 10    Spells: 5/5 levels left

rFire   . . .        a - +0 hand axe
rCold   . . .        d - orb {light}
rNeg    + . .        b - +0 robe
rPois   .            (helmet restricted)
rElec   +            j - +2 cloak "Daomnihe" {rElec rN+ Int+7 Dex-2}
rCorr   .            (no gloves)
SInv    .            (no boots)
Will    .....        (no amulet)
Stlth   +            (no ring)
HPRegen 0.29/turn    (no ring)
MPRegen 0.09/turn

%: no passive effects
@: glowing
A: horns 2, retaliatory headbutt
a: no special abilities


You were on level 5 of the Dungeon.
You visited 1 branch of the dungeon, and saw 5 of its levels.

You collected 261 gold pieces.

Inventory:

Hand Weapons
 a - a +0 hand axe (weapon)
Armour
 b - a +0 robe (worn)
 d - an orb of light (worn)
 j - the +2 cloak "Daomnihe" (worn) {rElec rN+ Int+7 Dex-2}
   (You found it on level 2 of the Dungeon)

   Int+7:     It affects your intelligence (+7).
   Dex-2:     It affects your dexterity (-2).
   rElec:     It insulates you from electricity.
   rN+:       It protects you from negative energy.
Scrolls
 e - 6 scrolls of identify {unknown}
 f - 2 scrolls of immolation {unknown}
 g - a scroll of vulnerability {unknown}
 h - a scroll of noise {unknown}
 i - 2 scrolls of poison {unknown}
 m - 2 scrolls of teleportation {unknown}
Potions
 c - a potion of ambrosia
 k - a potion of heal wounds {unknown}
 l - 2 potions of curing {unknown}
 n - a potion of haste {unknown}
 o - a potion of mutation {unknown}
 p - a potion of might {unknown}


   Skills:
 + Level 5.8 Fighting
 + Level 5.8 Axes
 + Level 5.2 Dodging


You had 5 spell levels left.
You didn't know any spells.
Your spell library contained the following spells:

 Spells                   Type           Power      Damage    Failure   Level
 Apportation              Tloc           0%         N/A       28%         1
 Necrotise                Necr           0%         1d4       28%         1
 Sandblast                Erth           0%         2d4       28%         1
 Summon Small Mammal      Summ           0%         N/A       28%         1
 Ensorcelled Hibernation  Hex/Ice        0%         N/A       41%         2
 Jinxbite                 Hex            0%         N/A       41%         2
 Passwall                 Tmut/Erth      0%         N/A       41%         2
 Stone Arrow              Conj/Erth      0%         3d7       65%         3
 Volatile Blastmotes      Fire/Tloc      0%         2d10      65%         3
 Anguish                  Hex/Necr       0%         N/A       96%         4
 Brom's Barrelling Bould  Conj/Erth      0%         2d3       96%         4
 Fulminant Prism          Conj/Hex       0%         3d5       96%         4
 Iskenderun's Mystic Bla  Conj/Tloc      0%         2d3       96%         4


Dungeon Overview and Level Annotations

Branches:
Dungeon (5/15)
 Temple: D:4-7

Altars:
Elyvilon
Fedhas
Makhleb


Innate Abilities, Weirdness & Mutations

You have a pair of horns on your head.
You reflexively headbutt those who attack you in melee.


Message History

Done exploring.
Done exploring.
Done exploring.
Done exploring.
Search for what [? for help]? axe
There is a stone staircase leading down here.
You climb downwards.
Found 46 gold pieces.
There is a stone staircase leading up here.
You now have 261 gold pieces (gained 18).
An ogre comes into view. It is wielding a +0 giant club.
The ogre shouts!
An ogre is nearby!
An ogre is nearby!
Found 13 gold pieces.
The ogre hits you with a +0 giant club!!
Ouch! That really hurt!
You are too injured to fight recklessly!
You are too injured to fight recklessly!
You are too injured to fight recklessly!
You are too injured to fight recklessly!
You slash the ogre!
The ogre is moderately wounded.
You hit the ogre but do no damage.
The ogre is moderately wounded.
The ogre barely misses you.
You hit the ogre.
You headbutt the ogre, but do no damage.
The ogre is heavily wounded.
The ogre hits you with a +0 giant club!!
* * * LOW HITPOINT WARNING * * *
You hit the ogre.
The ogre is heavily wounded.
You hit the ogre.
The ogre is heavily wounded.
The ogre closely misses you. You furiously retaliate!
You headbutt the ogre. You hit the ogre but do no damage.
The ogre is severely wounded.
The ogre hits you with a +0 giant club!!
You die...

. #########.#
#.# ## #.# ..
#.# ###.## #.#
......##.#
#......#
#######.#####..
+......@.......
#####...O.$....
#..........
#..........
#.......###
#.........
#.......#.#
####.......


You could see an ogre.

Vanquished Creatures
  2 ogres (D:4)
  A hound (D:4)
  A jelly (D:4)
  A gnoll (D:1)
  5 adders
  2 worms
  4 dart slugs
  An orc (D:4)
  4 endoplasms
  4 giant cockroaches
  10 goblins
  2 hobgoblins (D:2)
  5 kobolds
  2 quokkas
  5 ball pythons
  3 bats
  3 frilled lizards
  5 rats
60 creatures vanquished.

Notes
Turn   | Place    | Note
-------+----------+-------------------------------------------
     0 | D:1      | BinkBink the Minotaur Monk began the quest for the Orb.
     0 | D:1      | Reached XP level 1. HP: 19/19 MP: 0/0
   141 | D:1      | Reached XP level 2. HP: 22/27 MP: 1/1
   229 | D:1      | Found a faded altar of an unknown god.
   668 | D:1      | You fall into a shaft and drop 1 floor!
   668 | D:2      | Found a white marble altar of Elyvilon.
   769 | D:2      | Reached XP level 3. HP: 18/33 MP: 2/2
   783 | D:2      | Identified the +2 cloak "Daomnihe" {rElec rN+ Int+7 Dex-2}
  1406 | D:3      | Reached XP level 4. HP: 41/41 MP: 3/3
  2104 | D:3      | Found a burning altar of Makhleb.
  2104 | D:3      | Found a blossoming altar of Fedhas.
  2264 | D:4      | Noticed an ogre
  2373 | D:4      | Noticed an ogre
  2380 | D:4      | Killed an ogre
  2381 | D:4      | Reached skill level 5 in Fighting
  2381 | D:4      | Reached skill level 5 in Axes
  2381 | D:4      | Reached XP level 5. HP: 34/48 MP: 4/4
  2417 | D:4      | Killed an ogre
  2418 | D:4      | Reached skill level 5 in Dodging
  2420 | D:4      | Reached XP level 6. HP: 53/56 MP: 5/5
  2843 | D:5      | Entered Level 5 of the Dungeon
  2865 | D:5      | Demolished by an ogre

Illustrated notes

Levels and vault maps discovered:
D:1:      amcnicky_arrival_flooded_fountain, layout_basic,
          ebering_ecumenical_altar_mist, serial_co_window_serial,
          co_window_paths_a, co_window_of_opportunity_a, co_window_corner_a,
          co_window_of_opportunity_a, co_window_paths_a, co_window_broadway_c,
          co_window_broadway_a, co_window_corner_b, co_window_unsneaky_path_d,
          co_window_of_opportunity_b, co_window_corner_cb,
          co_window_of_opportunity_c, co_window_4corner_a, glass_columns_b,
          glass_columns_c, glass_columns_b, serial_bayou_crossing
D:2:      layout_rooms, basic_altar, minivault_26,
          corexii_item_surrounded_by_moat
D:3:      layout_loops_cross, gammafunk_temple_overflow_elements
D:4:      layout_cave_pools
D:5:      layout_basic, nicolae_overflow_hidden_temple, jmf_multi_god_temple2,
          amcnicky_altar_gilded, minmay_temple_entry_antechambers

Skill      XL: |  1  2  3  4  5 |
---------------+----------------+-----
Fighting       | 4 5 |  5.8
Axes           | 4 5 |  5.8
Dodging        | 4 5 |  5.2

Action                     |  1- 3 |  4- 6 || total
---------------------------+-------+-------++-------
  Melee: Hand axe          |    70 |    52 ||   122
         Headbutt          |    15 |    17 ||    32
    Use: Potion            |       |     1 ||     1
 Armour: Robe              |    29 |    15 ||    44
  Dodge: Dodged            |    43 |    31 ||    74

Table legend: (Time is in decaauts)
 A = Elapsed time spent in this place.
 B = Non-inter-level travel time spent in this place.
 C = Inter-level travel time spent in this place.
 D = Time resting spent in this place.
 E = Time spent auto-exploring this place.
 F = Levels seen in this place.
 G = Mean time per level.
                   A        B        C        D        E       F      G
               +--------+--------+--------+--------+--------+-----+--------+
         Total |   2881 |   2652 |    229 |     69 |   2203 |   5 |  576.2 |
       Dungeon |   2881 |   2652 |    229 |     69 |   2203 |   5 |  576.2 |
               +--------+--------+--------+--------+--------+-----+--------+

Top non-repeatable levels by time:
     D:1: 930 daAuts
     D:3: 731 daAuts
     D:2: 661 daAuts
     D:4: 535 daAuts
     D:5: 22 daAuts
